 Dungeon Crawl Stone Soup version 0.30-a0-723-gc1506a1cf0 (webtiles) character file.

Game seed: 14601013665666399972

683 Orangeyouglad the Slasher (level 7, -1/46 (55) HPs)
             Began as a Barachi Reaver on Jan 27, 2023.
             Slain by an orc warrior
             ... wielding a +0 war axe
              (4 damage)
             ... on level 5 of the Dungeon on Jan 28, 2023.
             The game lasted 00:18:00 (4286 turns).

Orangeyouglad the Slasher (Barachi Reaver)          Turns: 4286, Time: 00:18:01

HP:   -1/46 (55)    AC:  5    Str: 16    XL:     7   Next: 61%
MP:   1/11          EV: 12    Int: 16    God:
Gold: 277           SH:  0    Dex: 10    Spells: 4/12 levels left

rFire   + + .      SeeInvis .    q - +6 short sword of the Stopping Gnat {flame, rF+ Str+3 Stlth-}
rCold   . . .      Faith    .    (no shield)
rNeg    . . .      Spirit   .    b - +0 leather armour
rPois   .          Reflect  .    (no helmet)
rElec   .          Harm     .    v - +0 cloak
rCorr   .          Rampage  .    y - +0 pair of gloves
Will    .....                    (no boots) Stlth
                                 (no amulet)
HPRegen 0.27/turn                c - ring of protection from fire
MPRegen 0.12/turn                (no ring)

@: unable to hop, heavily drained, slow
A: amphibious, slowness 1, strong legs 1, +LOS
a: Hop


You were on level 5 of the Dungeon.
You visited 1 branch of the dungeon, and saw 5 of its levels.

You collected 277 gold pieces.

Inventory:

Hand Weapons
 a - a +0 falchion
 q - the +6 short sword of the Stopping Gnat (weapon) {flame, rF+ Str+3 Stlth-}
   (You took it off a gnoll on level 4 of the Dungeon)

   Str:       It affects your strength (+3).
   rF:        It protects you from fire.
   Stlth:     It makes you less stealthy.
Missiles
 r - 6 atropa-tipped darts
Armour
 b - a +0 leather armour (worn)
 h - a scarf of resistance
 m - the +0 plate armour "Puekituu" {MP+9 Str+2 Stlth+}
   (You found it on level 2 of the Dungeon)

   Str:       It affects your strength (+2).
   MP:        It affects your magic capacity (+9).
   Stlth:     It makes you more stealthy.
 v - a +0 cloak (worn)
 y - a +0 pair of gloves (worn)
Jewellery
 c - a ring of protection from fire (left hand)
Wands
 z - a wand of flame (14)
Scrolls
 d - 6 scrolls of identify
 g - 2 scrolls of vulnerability {unknown}
 i - 3 scrolls of teleportation
 j - a scroll of amnesia {unknown}
 l - a scroll of enchant armour {unknown}
 u - a scroll of acquirement {unknown}
 w - a scroll of noise {unknown}
 x - a scroll of fear {unknown}
Potions
 e - a potion of brilliance {unknown}
 f - 3 potions of degeneration {unknown}
 k - a potion of cancellation {unknown}
 n - a potion of curing {unknown}
 o - a potion of attraction {unknown}
 p - 4 potions of heal wounds
 s - a potion of mutation {unknown}
 t - 2 potions of ambrosia {unknown}
 A - a potion of might {unknown}
 B - a potion of haste {unknown}


   Skills:
 + Level 4.9 Fighting
 - Level 5.5 Long Blades
 + Level 4.5 Dodging
 - Level 3.0 Spellcasting
 + Level 5.1 Conjurations
 + Level 0.2 Summonings
 + Level 3.0 Ice Magic


You had 4 spell levels left.
You knew the following spells:

 Your Spells              Type           Power      Damage    Failure   Level
a - Kiss of Death         Conj/Necr      40%        2d8       8%          1
b - Searing Ray           Conj           38%        2d5       4%          2
c - Hailstorm             Conj/Ice       15%        3d5       13%         3
d - Call Imp              Summ           3%         N/A       30%         2

Your spell library contained the following spells:

 Spells                   Type           Power      Damage    Failure   Level
 Magic Dart               Conj           76%        1d6       2%          1
 Momentum Strike          Conj/Tloc      20%        3d8       12%         2
 Static Discharge         Conj/Air       20%        2-3/arc   12%         2
 Scorch                   Fire           4%         2d5       34%         2
 Mephitic Cloud           Conj/Pois/Air  7%         N/A       34%         3
 Vhi's Electric Charge    Tloc/Air       4%         N/A       56%         3
 Flame Wave               Conj/Fire      10%        2d6       61%         4
 Fulminant Prism          Conj/Hex       5%         3d7       61%         4
 Arcjolt                  Conj/Air       5%         1d15      91%         5
 Irradiate                Conj/Tmut      5%         3d13      91%         5
 Lightning Bolt           Conj/Air       5%         1d17      91%         5
 Blade Hands              Tmut           1%         N/A       99%         5
 Summon Cactus Giant      Summ           1%         N/A       100%        6
 Dragon Form              Tmut           1%         N/A       100%        7


Dungeon Overview and Level Annotations

Branches:
Dungeon (5/15)             Temple (0/1) D:5

Altars:
Uskayaw

Annotations:
D:4 2 transporters


Innate Abilities, Weirdness & Mutations

You are amphibious.
You cover ground slowly.
You can hop short distances.
You have an extended range of vision and can be seen from far away.


Message History

The orc warrior hits you with a +0 war axe.
Your crimson imp barely misses the orc warrior.
The orc warrior attacks as you move away!
The orc warrior hits you with a +0 war axe!
The orc warrior hits your crimson imp with a +0 war axe!
Your crimson imp dies!
Your crimson imp disappears in a puff of smoke!
Okay, then.
Okay, then.
Okay, then.
Okay, then.
Okay, then.
Casting: Call Imp (dangerous; 30% risk of failure)
Confirm with . or Enter, or press ? or * to list all spells.
Aiming: Kiss of Death (safe; 8% risk of failure)
Press: ? - help, Shift-Dir - straight line, f - orc warrior
Aim: an orc warrior, wielding a +0 war axe and wearing a +0 chain mail (lightly wounded, 100% to hit)
The negative energy hits the orc warrior.
The orc warrior is drained!
The orc warrior is moderately wounded.
You feel drained. The orc warrior barely misses you.
Casting: Kiss of Death (safe; 8% risk of failure)
Confirm with . or Enter, or press ? or * to list all spells.
You don't have enough magic to cast this spell.
Unknown command.
Okay, then.
Okay, then.
You hit the orc warrior. You burn the orc warrior.
The orc warrior is moderately wounded.
The orc warrior hits you with a +0 war axe.
Your magical contamination has completely faded away.
You hit the orc warrior. You burn the orc warrior.
The orc warrior is heavily wounded.
The orc warrior hits you with a +0 war axe!
* * * LOW HITPOINT WARNING * * *
As you read the scroll labelled DOMPOD UFYIRPH, it crumbles to dust.
It is a scroll of identify.
i - 3 scrolls of teleportation The orc warrior hits you with a +0 war axe.
You die...

###.########..........###.#
#..........+......#........
#..........#....†.#######.#
#..........####.#.# ...
#########.######.# #.#.#
#.## ........#..## #.#
#.#.# .. ........##..# #.#
#.#.# ##. ........###.##
#.####.#.# #. ........#
#..# #@#....#.# #.
........# ##.###o#.####.#
## ........# #...#.#....#
........# ##.........#
...[....#####.P.P.#####
...............>.......
..............P.P....##
......)...........##..#
#######.........### #.#


You could see an orc warrior (drained).

Vanquished Creatures
  A scorpion (D:5)
  A jelly (D:5)
  2 orc priests
  Jessica (D:3)
  3 iguanas
  Natasha (thrice) (D:2)
  3 orc wizards
  Robin (D:2)
  4 adders
  10 gnolls
  An ufetubus (D:5)
  3 worms
  3 dart slugs
  19 orcs
  9 endoplasms
  3 giant cockroaches
  14 goblins
  7 hobgoblins
  9 kobolds
  3 quokkas
  4 ball pythons
  7 bats
  2 frilled lizards
  8 rats
121 creatures vanquished.

Notes
Turn   | Place    | Note
-------+----------+-------------------------------------------
     0 | D:1      | Orangeyouglad the Barachi Reaver began the quest for the
                  | Orb.
     0 | D:1      | Reached XP level 1. HP: 17/17 MP: 3/3
   102 | D:1      | Reached XP level 2. HP: 23/23 MP: 5/5
   320 | D:1      | Reached XP level 3. HP: 5/28 MP: 6/6
   861 | D:1      | Reached XP level 4. HP: 27/31 MP: 5/8
   922 | D:2      | Learned a level 2 spell: Searing Ray
   985 | D:2      | Noticed Robin
  1001 | D:2      | Killed Robin
  1067 | D:2      | Identified the +0 plate armour "Puekituu" {MP+9 Str+2
                  | Stlth+}
  1185 | D:2      | Learned a level 3 spell: Hailstorm
  1202 | D:2      | Noticed Natasha
  1213 | D:2      | Killed Natasha
  1285 | D:2      | Found a faded altar of an unknown god.
  1365 | D:2      | Reached XP level 5. HP: 30/37 MP: 5/9
  1682 | D:2      | Noticed Natasha
  1691 | D:2      | Killed Natasha
  1701 | D:2      | Noticed Natasha
  1713 | D:2      | Killed Natasha
  1844 | D:3      | Reached skill level 1 in Ice Magic
  1886 | D:3      | Reached XP level 6. HP: 19/48 MP: 3/10
  2383 | D:3      | Found a hide-covered altar of Uskayaw.
  2578 | D:3      | Noticed Jessica
  2589 | D:3      | Killed Jessica
  2711 | D:3      | Reached skill level 5 in Long Blades
  2747 | D:4      | Found a transporter.
  2762 | D:4      | Found a transporter.
  2968 | D:4      | Identified the +6 short sword of the Stopping Gnat {flame,
                  | rF+ Str+3 Stlth-}
  3029 | D:4      | Learned a level 2 spell: Call Imp
  3078 | D:4      | Reached XP level 7. HP: 47/55 MP: 8/11
  3378 | D:5      | Entered Level 5 of the Dungeon
  3500 | D:5      | Upgraded the game from 0.30-a0-719-gcc4359ea44 to
                  | 0.30-a0-723-gc1506a1cf0
  3874 | D:5      | Reached skill level 5 in Conjurations
  3882 | D:5      | Found a staircase to the Ecumenical Temple.
  4286 | D:5      | Slain by an orc warrior

Illustrated notes

Levels and vault maps discovered:
D:1:      amcnicky_arrival_single_pillar, layout_loops_ring,
          minmay_misc_feat_hallway
D:2:      layout_basic, shapermc_ecumenical_altar_mp_highgroup, uniq_natasha,
          uniq_robin
D:3:      layout_rooms, mainiacjoe_overflow_catwalk, st_stairs_1, uniq_jessica
D:4:      gammafunk_steamed_eel, layout_rooms
D:5:      layout_basic, minmay_temple_entry_trees

Skill      XL: |  1  2  3  4  5  6  7 |
---------------+----------------------+-----
Fighting       | 3 4 |  4.9
Long Blades    | 4 5 |  5.5
Dodging        | 3 4 |  4.5
Conjurations   | 4 5 |  5.1
Spellcasting   | 3 |  3.0
Ice Magic      | 1 2 3 |  3.0
Summonings     | |  0.2

Action                     |  1- 3 |  4- 6 |  7- 9 || total
---------------------------+-------+-------+-------++-------
  Melee: Falchion          |    91 |   101 |       ||   192
         Punch             |     2 |       |       ||     2
         Short sword       |       |     6 |    19 ||    25
  Throw: Dart              |       |     2 |     5 ||     7
   Cast: Kiss of Death     |     1 |     1 |     1 ||     3
         Searing Ray       |       |    29 |    15 ||    44
         Call Imp          |       |     1 |     2 ||     3
         Hailstorm         |       |     1 |     1 ||     2
Ability: Hop               |     2 |     3 |     2 ||     7
  Evoke: Wand              |       |     6 |     1 ||     7
    Use: Potion            |     1 |       |       ||     1
         Scroll            |       |       |     1 ||     1
 Armour: Leather armour    |    30 |    26 |     3 ||    59
         Skin              |     1 |       |       ||     1
  Dodge: Dodged            |    64 |    99 |    18 ||   181

Table legend: (Time is in decaauts)
 A = Elapsed time spent in this place.
 B = Non-inter-level travel time spent in this place.
 C = Inter-level travel time spent in this place.
 D = Time resting spent in this place.
 E = Time spent auto-exploring this place.
 F = Levels seen in this place.
 G = Mean time per level.
                   A        B        C        D        E       F      G
               +--------+--------+--------+--------+--------+-----+--------+
         Total |   4742 |   4530 |    212 |    720 |   2621 |   5 |  948.4 |
       Dungeon |   4742 |   4530 |    212 |    720 |   2621 |   5 |  948.4 |
               +--------+--------+--------+--------+--------+-----+--------+

Top non-repeatable levels by time:
     D:2: 1048 daAuts
     D:1: 1013 daAuts
     D:3: 992 daAuts
     D:5: 879 daAuts
     D:4: 808 daAuts
